 Dungeon Crawl Stone Soup version 0.29-a0-468-ge57f7f99b4 (webtiles) character file.

Game seed: 3927392566937773007

3 xian the Conjurer (level 1, 0/14 HPs)
             Began as a Draconian Conjurer on May 21, 2022.
             Frozen to death by an endoplasm (5 damage)
             ... on level 1 of the Dungeon.
             The game lasted 00:00:33 (183 turns).

xian the Conjurer (Draconian Conjurer)               Turns: 183, Time: 00:00:34

Health: 0/14       AC:  4    Str:  9    XL:     1   Next: 41%
Magic:  1/3        EV: 12    Int: 18    God:
Gold:   22         SH:  0    Dex:  9    Spells: 3/4 levels left

rFire   . . .      SeeInvis .   e - +0 short sword
rCold   . . .      Faith    .   (no shield)
rNeg    . . .      Spirit   .   (body armour unavailable)
rPois   .          Reflect  .   (helmet restricted)
rElec   .          Harm     .   (no cloak)
rCorr   .          Rampage  .   (no gloves)
Will    .....                   (no boots)
Stlth   ++........              (no amulet)
HPRegen 0.04/turn               (no ring)
MPRegen 0.08/turn               (no ring)

@: slowed, very slow
A: AC +4, unfitting armour, cold-blooded
a: no special abilities


You were on level 1 of the Dungeon.
You visited 1 branch of the dungeon, and saw 1 of its levels.

You collected 22 gold pieces.

Inventory:

Hand Weapons
 e - a +0 short sword (weapon)
Scrolls
 b - a scroll of immolation {unknown}
 d - a scroll of noise {unknown}
Potions
 a - a potion of magic
 c - a potion of heal wounds {unknown}


   Skills:
 + Level 1.7 Dodging
 + Level 1.8 Stealth
 + Level 2.0 Spellcasting
 + Level 4.1 Conjurations


You had 3 spell levels left.
You knew the following spells:

 Your Spells              Type           Power      Damage    Failure   Level
a - Magic Dart            Conj           64%        1d6       3%          1

Your spell library contained the following spells:

 Spells                   Type           Power      Damage    Failure   Level
 Searing Ray              Conj           32%        2d5       4%          2
 Dazzling Flash           Conj/Hex       18%        N/A       24%         3
 Fulminant Prism          Conj/Hex       4%         3d6       61%         4
 Iskenderun's Mystic Bla  Conj/Tloc      9%         2d4       61%         4


Dungeon Overview and Level Annotations

Branches:
Dungeon (1/15)

Altars:


Innate Abilities, Weirdness & Mutations

Your plain brown scales are hard. (AC +4)
You cannot fit into any form of body armour.
You are cold-blooded and may be slowed by cold attacks.


Message History

The hobgoblin shouts!
You can't see any susceptible monsters within range! (Use Z to cast anyway.)
You can't see any susceptible monsters within range! (Use Z to cast anyway.)
A bat comes into view.
The magic dart hits the hobgoblin.
You kill the hobgoblin!
The bat hits you but does no damage.
An endoplasm comes into view.
The magic dart hits the bat.
The bat is moderately wounded.
The bat misses you.
You are too depleted to draw on your mana recklessly!
You are too depleted to draw on your mana recklessly!
You hit the bat but do no damage.
Your tail-slap misses the bat.
The bat barely misses you.
You barely miss the bat. The bat closely misses you. The bat barely misses you.
You miss the bat. You tail-slap the bat.
The bat is moderately wounded.
The bat barely misses you. The bat hits you but does no damage.
Found 10 gold pieces and 5 stones.
A sourceless malevolence fills the Dungeon... and a teleportation trap spontaneously manifests!
You are yanked towards a nearby monster!
Your surroundings suddenly seem different.
An endoplasm comes into view.
Found a hunting sling, 2 javelins and a scroll labelled JALUUJ NORUAC.
The endoplasm quivers.
The endoplasm freezes you.
You are frozen.
You feel yourself slow down.
A giant cockroach comes into view.
The endoplasm freezes you.
You are frozen.
The endoplasm barely misses you.
As you open the large door, it creaks loudly!
You feel yourself speed up. The endoplasm freezes you.
You are frozen.
You feel yourself slow down. The giant cockroach bites you.
The endoplasm freezes you.
You are frozen.
You die...

.....### .......#### .
.B....... ..
.......#+##.#
#########.##(......?.#.
..........##...........
#........##.........#
#........##B........#
#........'@J....)...#
#........##.........#
#........#######+##.#
#######........# .# #
...............#######.##
...###########..........#
# ...### #.(........#.#
...'.# #............
...#+#########.........#


You could see an endoplasm and a giant cockroach.

Vanquished Creatures
  2 hobgoblins (D:1)
  A ball python (D:1)
3 creatures vanquished.

Notes
Turn   | Place    | Note
-------+----------+-------------------------------------------
     0 | D:1      | xian the Draconian Conjurer began the quest for the Orb.
     0 | D:1      | Reached XP level 1. HP: 14/14 MP: 3/3
   183 | D:1      | Frozen to death by an endoplasm

Illustrated notes

Levels and vault maps discovered:
D:1:      nzn_arrival_crosshair, layout_basic, minmay_box_of_dots

Action                   || total
-------------------------++-------
Melee: Short sword       ||     3
       Tailslap          ||     1
 Cast: Magic Dart        ||     6
Armor: Skin              ||     2
Dodge: Dodged            ||     6

Table legend: (Time is in decaauts)
 A = Elapsed time spent in this place.
 B = Non-inter-level travel time spent in this place.
 C = Inter-level travel time spent in this place.
 D = Time resting spent in this place.
 E = Time spent auto-exploring this place.
 F = Levels seen in this place.
 G = Mean time per level.
                   A        B        C        D        E       F      G
               +--------+--------+--------+--------+--------+-----+--------+
         Total |    184 |    184 |      0 |      0 |    152 |   1 |  184.0 |
       Dungeon |    184 |    184 |      0 |      0 |    152 |   1 |  184.0 |
               +--------+--------+--------+--------+--------+-----+--------+

Top non-repeatable levels by time:
     D:1: 184 daAuts
